 Seeded DCSS version 0.28-a0-1182-g381e24db82 (webtiles) character file.

Game seed: 20211216 (custom seed)

630 flotson the Cudgeller (level 7, -1/54 HPs)
             Began as a Demonspawn Gladiator on Dec 16, 2021.
             Slain by an ogre (9 damage)
             ... on level 4 of the Dungeon.
             The game lasted 00:06:57 (4126 turns).

flotson the Cudgeller (Demonspawn Gladiator)        Turns: 4126, Time: 00:06:58

Health: -1/54      AC: 12    Str: 17    XL:     7   Next: 24%
Magic:  7/7        EV: 12    Int:  9    God:
Gold:   99         SH:  0    Dex: 14    Spells: 6/6 levels left

rFire   . . .      SeeInvis .   a - +0 flail
rCold   . . .      Faith    .   (no shield)
rNeg    . . .      Spirit   .   f - +0 ring mail
rPois   .          Reflect  .   (helmet restricted)
rElec   .          Harm     .   (no cloak)
rCorr   .          Rampage  .   m - +0 pair of gloves
Will    .....                   (no boots)
Stlth   +.........              (no amulet)
HPRegen 0.18/turn               c - +4 ring of protection
MPRegen 0.10/turn               (no ring)

@: no status effects
A: antennae 1, slimy green scales 1, powered by death 1, demonic magic 1
a: no special abilities


You were on level 4 of the Dungeon.
You visited 1 branch of the dungeon, and saw 4 of its levels.

You collected 110 gold pieces.
You spent 11 gold pieces at shops.

Inventory:

Hand Weapons
 a - a +0 flail (weapon)
 b - a +0 longbow
Missiles
 d - 4 poisoned darts (quivered)
Armour
 f - a +0 ring mail (worn)
 m - a +0 pair of gloves (worn)
Jewellery
 c - a +4 ring of protection (left hand)
 o - a ring of positive energy
Scrolls
 e - 4 scrolls of identify {unknown}
 g - 4 scrolls of blinking {unknown}
 h - a scroll of vulnerability {unknown}
 j - 3 scrolls of enchant armour {unknown}
 k - 2 scrolls of fear {unknown}
 l - a scroll of immolation {unknown}
 p - 2 scrolls of teleportation {unknown}
 q - a scroll of fog {unknown}
Potions
 i - a potion of degeneration {unknown}
 n - a potion of lignification


   Skills:
 + Level 4.0 Fighting
 + Level 4.2 Maces & Flails
 + Level 3.5 Throwing
 + Level 2.9 Armour
 + Level 4.1 Dodging


You had 6 spell levels left.
You didn't know any spells.
Your spell library was empty.

Dungeon Overview and Level Annotations

Branches:
Dungeon (4/15)
 Temple: D:4-7

Altars:
Hepliaklqana

Shops:
D:3 ?[*


Innate Abilities, Weirdness & Mutations

You have a pair of small antennae on your head.
You are partially covered in slimy green scales. (AC +2)
You regenerate a little health from kills.
Spells you cast may paralyse adjacent enemies.


Message History

Press: ? - help, Q - select action Shift-Dir - straight line, f/p - iguana
Aim: an iguana (almost dead, 64% to hit)
You throw a poisoned dart. The poisoned dart hits the iguana!
The iguana is poisoned.
The iguana is almost dead.
The iguana bites you!
* * * LOW HITPOINT WARNING * * *
You kill the iguana!
Your Fighting skill increases to level 4!
Found 24 sling bullets and a runed spear.
Found 21 bolts.
You see here 24 sling bullets.
The ogre looks more healthy.
The ogre closely misses you.
Throw: 5 darts (poison)
Press: ? - help, Q - select action Shift-Dir - straight line, f - ogre
Aim: an ogre, wielding a +0 giant club (heavily wounded, 76% to hit)
You throw a poisoned dart.
The poisoned dart barely misses the ogre.
You see here a poisoned dart.
Things that are here:
a +0 short sword; 2 poisoned darts; an orc corpse
Items here: ))))) ? ††.
Things that are here:
a +0 dagger; a +0 robe; an orc corpse
There is a stone staircase leading up here.
Press: ? - help, v - describe, . - travel
Here: an ogre, wielding a +0 giant club (moderately wounded)
The floor.
You thump the ogre!
The ogre is severely wounded.
The ogre misses you.
You hit the ogre.
The ogre is severely wounded.
The ogre hits you with a +0 giant club!!
* * * LOW HITPOINT WARNING * * *
You thump the ogre!
The ogre is almost dead.
The ogre hits you with a +0 giant club!
You die...

#.# #.... #.##....# #.#
##.... #.##.##.#
#.#####......##.##.##.#
#..)..#......##.......#
#####.#.##.....###.####
#.#.####.#.# #.#
#.#........# #.#
#.#........# #.#
#.#..@.....###.#
#.#..#O........#
#.#..#.....##### #
#......##.## #########
###.......# # ........#
##.#.##.# .. #######.#
#......# ... #
####.#### ##...### #.#
#.......# #...# ###.#


You could see an ogre.

Vanquished Creatures
  A wyvern (D:3)
  An ogre (D:3)
  A scorpion (D:4)
  A water moccasin skeleton (D:4)
  2 orc priests (D:4)
  A centaur skeleton (D:4)
  An orc wizard (D:4)
  2 iguanas (D:4)
  A hound skeleton (D:4)
  3 adders (D:2)
  An adder skeleton (D:4)
  2 dart slugs
  5 orcs
  7 endoplasms
  2 giant cockroaches
  4 goblins
  4 hobgoblins
  6 jackals
  3 quokkas
  4 ball pythons
  2 bats
  4 frilled lizards
  5 kobolds
  2 rats
65 creatures vanquished.

Vanquished Creatures (others)
  18 plants (D:2)
18 creatures vanquished.

Grand Total: 83 creatures vanquished

Notes
Turn   | Place    | Note
-------+----------+-------------------------------------------
     0 | D:1      | flotson the Demonspawn Gladiator began the quest for the
                  | Orb.
     0 | D:1      | Reached XP level 1. HP: 16/16 MP: 1/1
   216 | D:1      | Gained mutation: You regenerate a little health from kills.
                  | [demonic ancestry]
   216 | D:1      | Reached XP level 2. HP: 22/22 MP: 2/2
   767 | D:2      | Found a hazy altar of Hepliaklqana.
   775 | D:2      | Gained mutation: Spells you cast may paralyse adjacent
                  | enemies. [demonic ancestry]
   775 | D:2      | Reached XP level 3. HP: 17/28 MP: 3/3
  1136 | D:2      | Reached skill level 1 in Armour
  1539 | D:3      | Found Heqig's Armour Shoppe.
  1697 | D:3      | Found Gemeg's Weapon Shop.
  1754 | D:3      | Found Juecw's Magic Scroll Boutique.
  1758 | D:3      | Bought a scroll of noise for 11 gold pieces
  1912 | D:3      | Gained mutation: You have a pair of small antennae on your
                  | head. [demonic ancestry]
  1912 | D:3      | Reached XP level 4. HP: 34/34 MP: 4/4
  2220 | D:3      | Found a faded altar of an unknown god.
  2252 | D:3      | Found Nuukix's Assorted Antiques.
  2787 | D:4      | Noticed an ogre
  2926 | D:4      | Noticed a scorpion
  2934 | D:4      | Killed a scorpion
  2935 | D:4      | Gained mutation: You are partially covered in slimy green
                  | scales. (AC +2) [demonic ancestry]
  2935 | D:4      | Reached XP level 5. HP: 29/40 MP: 5/5
  3071 | D:4      | Noticed an ogre
  3107 | D:3      | Killed an ogre
  3108 | D:3      | Reached XP level 6. HP: 17/47 MP: 6/6
  3425 | D:4      | Noticed a wyvern
  3456 | D:3      | Killed a wyvern
  3990 | D:4      | Reached XP level 7. HP: 53/53 MP: 7/7
  4126 | D:4      | Slain by an ogre

Illustrated notes

Levels and vault maps discovered:
D:1:      minmay_arrival_arboretum_small, layout_basic
D:2:      layout_rooms, basic_altar, minmay_misc_feat_four_crosses,
          chequers_serial_rivers_room_b, kennysheep_boxes
D:3:      layout_basic, serial_shops, nicolae_shop_overgrown_old_shop,
          nicolae_shop_window_shopping, nicolae_shop_hallway_stairs, shop,
          basic_ecumenical_altar, serial_curves, eino_curves_03, eino_curves_01,
          minmay_liquid_box
D:4:      layout_loops_cross, minmay_increasing_density

Skill      XL: |  1  2  3  4  5  6  7 |
---------------+----------------------+-----
Throwing       | 2 3 |  3.5
Maces & Flails | 3 4 |  4.2
Dodging        | 3 4 |  4.1
Armour         | 1 2 |  2.9
Fighting       | 3 4 |  4.0

Action                   |  1- 3 |  4- 6 |  7- 9 || total
-------------------------+-------+-------+-------++-------
Melee: Flail             |    85 |   113 |    31 ||   229
Throw: Dart              |       |    14 |    10 ||    24
       Throwing net      |       |     3 |       ||     3
  Use: Potion            |       |     1 |       ||     1
 Stab: Held in net/web   |       |     1 |       ||     1
Armor: Leather armour    |     2 |       |       ||     2
       Ring mail         |    31 |    55 |    10 ||    96
       Skin              |       |    21 |       ||    21
Dodge: Dodged            |    53 |    60 |    16 ||   129

Table legend: (Time is in decaauts)
 A = Elapsed time spent in this place.
 B = Non-inter-level travel time spent in this place.
 C = Inter-level travel time spent in this place.
 D = Time resting spent in this place.
 E = Time spent auto-exploring this place.
 F = Levels seen in this place.
 G = Mean time per level.
                   A        B        C        D        E       F      G
               +--------+--------+--------+--------+--------+-----+--------+
         Total |   4181 |   3941 |    240 |    229 |   2971 |   4 | 1045.2 |
       Dungeon |   4181 |   3941 |    240 |    229 |   2971 |   4 | 1045.2 |
               +--------+--------+--------+--------+--------+-----+--------+

Top non-repeatable levels by time:
     D:3: 1659 daAuts
     D:2: 1054 daAuts
     D:4: 803 daAuts
     D:1: 664 daAuts
